 Dungeon Crawl Stone Soup version 0.17-a0-1945-gfe993df (webtiles) character file.

193 dpvblackbelt the Twirler (level 5, -2/63 HPs)
             Began as a Minotaur Gladiator on Oct 1, 2015.
             Slain by Edmund
             ... wielding a +4 flail of protection
              (5 damage)
             ... on level 4 of the Dungeon.
             The game lasted 00:05:18 (2831 turns).

dpvblackbelt the Twirler (Minotaur Gladiator)       Turns: 2831, Time: 00:05:19

Health: -2/63      AC: 22    Str: 19    XL:     5   Next: 43%
Magic:  4/4        EV:  2    Int: 12    God:
Gold:   177        SH:  0    Dex: 12    Spells: 0 memorised, 4 levels left

rFire  . . .     SeeInvis .     a - +1 quarterstaff
rCold  . . .     Clarity  .     (armour currently unavailable)
rNeg   + + +     SustAt   .     (no shield)
rPois  +         Gourm    .     (helmet currently unavailable)
rElec  .         Spirit   .     (cloak currently unavailable)
rCorr  .         Warding  .     (gloves currently unavailable)
rMut   .         NoTele   +     (boots currently unavailable)
MR     .....                    (no amulet)
Stlth  +.........               (no ring)
                                i - +2 ring of intelligence

@: brilliant, tree-form, not resistant to hostile enchantments, very unstealthy
A: (retaliatory headbutt), (horns 0)
a: no special abilities


You were on level 4 of the Dungeon.
You were not hungry.
You were a tree.
You visited 1 branch of the dungeon, and saw 4 of its levels.

You collected 177 gold pieces.

Inventory:

Hand weapons
 a - a +1 quarterstaff (weapon)
Missiles
 d - 3 throwing nets {=f, !d}
Armour
 b - a +0 leather armour (melded)
 c - a +0 hat (melded)
Jewellery
 i - a +2 ring of intelligence (left branch)
   (You found it on level 1 of the Dungeon)
Scrolls
 f - a scroll of blinking {unknown}
 l - 3 scrolls of enchant weapon
 n - a scroll of remove curse
 p - a scroll of random uselessness
 q - a scroll of noise {unknown}
 u - a scroll of recharging {unknown}
Potions
 k - 2 potions of curing
Comestibles
 e - 6 bread rations {@e1@e1}
 h - 2 meat rations {@e2@e2}
 j - a slice of pizza
 v - a chunk of flesh {@w0@w0}


   Skills:
 - Level 2.4 Fighting
 + Level 7.5 Staves
 - Level 2.0 Throwing
 - Level 3.2 Dodging


You had 4 spell levels left.
You didn't know any spells.

Dungeon Overview and Level Annotations

Branches:
Dungeon (4/15)
 Temple: D:4-7

Altars:
Elyvilon
Fedhas
Makhleb
Vehumet

Annotations:
D:4 Edmund


Innate Abilities, Weirdness & Mutations

((You reflexively headbutt those who attack you in melee.))
((You have a pair of horns on your head.))


Message History

The adder bites you.
You take 2 damage, and have 40/42 hp.
You thump the adder!
You kill the adder!
No target in view!
You see here an adder corpse.
You butcher the adder corpse.
v - 2 chunks of flesh {@w0@w0} You see here an adder skeleton.
Eating one of 2 chunks of flesh {@w0@w0}.
You continue eating. x2
You now have 150 gold pieces (gained 13).
Found a stone staircase leading down.
Health restored: 42 No target in view!
You now have 158 gold pieces (gained 8).
You now have 177 gold pieces (gained 19).
Edmund the Younger comes into view.
He is wielding a flail of protection.
Edmund shouts!
You completely miss Edmund. You headbutt Edmund.
Edmund drinks a potion.
Edmund goes berserk!
You hit Edmund but do no damage. Edmund closely misses you.
You furiously retaliate!
You headbutt Edmund! You closely miss Edmund. You headbutt Edmund!
Edmund hits you with a flail of protection!
You take 14 damage, and have 28/42 hp.
MASSIVE DAMAGE!!
Read which item? (? for menu, Esc to quit)
As you read the scroll labeled YKA JEAJAOJIM, it crumbles to dust.
It is a scroll of enchant weapon.
Enchant which weapon? (? for menu, Esc to quit)
Your +0 quarterstaff glows red for a moment.
Edmund hits you with a flail of protection!
You take 14 damage, and have 14/42 hp.
MASSIVE DAMAGE!!
Drink which item? (? for menu, Esc to quit)
It was a potion of curing.
You feel better.
Edmund hits you with a flail of protection. x2
You regained 2 hp, and now have 16/42 hp.
Drink which item? (? for menu, Esc to quit)
It was a potion of lignification.
You turn into a tree.
Your +0 hat melds into your body.
Your +0 leather armour melds into your body.
Your roots penetrate the ground.
Edmund hits you but does no damage.
You now have 24/63 hp.
Drink which item? (? for menu, Esc to quit)
It was a potion of brilliance.
You feel clever all of a sudden.
Edmund hits you with a flail of protection.
You take 5 damage, and have 19/63 hp.
Drink which item? (? for menu, Esc to quit)
It was a potion of poison.
You feel slightly nauseous. Edmund hits you but does no damage.
You hit Edmund.
Edmund hits you with a flail of protection!
* * * LOW HITPOINT WARNING * * *
Edmund hits you but does no damage.
You take 7 damage, and have 12/63 hp.
Drink which item? (? for menu, Esc to quit)
You feel better.
Edmund hits you with a flail of protection!
* * * LOW HITPOINT WARNING * * *
You take 3 damage, and have 9/63 hp.
Read which item? (? for menu, Esc to quit)
As you read the scroll labeled BIRRARH VASS, it crumbles to dust.
You hear the distant roaring of an enraged pill bug.
It was a scroll of random uselessness.
Edmund hits you but does no damage.
Read which item? (? for menu, Esc to quit)
As you read the scroll labeled DUIFALYNUAL, it crumbles to dust.
You feel aware of your surroundings.
It was a scroll of magic mapping.
Edmund hits you but does no damage.
Read which item? (? for menu, Esc to quit)
As you read the scroll labeled EGI HIUZXA, it crumbles to dust.
It is a scroll of identify.
Identify which item? (\ to view known items) (? for menu, Esc to quit)
n - a scroll of remove curse Edmund hits you but does no damage. x2
Put on which piece of jewellery? (? for menu, Esc to quit)
You feel clever.
i - a +2 ring of intelligence (left branch) Read which item? (? for menu, Esc to quit)
As you read the scroll labeled HUSTEY PIRU, it crumbles to dust.
You feel a strange sense of stasis.
It was a scroll of teleportation.
Edmund hits you but does no damage. Edmund hits you but does no damage.
You hit Edmund. Edmund hits you but does no damage.
You barely miss Edmund.
Edmund hits you with a flail of protection.
* * * LOW HITPOINT WARNING * * *
You take 2 damage, and have 8/63 hp.
You closely miss Edmund. Edmund hits you but does no damage.
You closely miss Edmund. Edmund hits you but does no damage.
You hit Edmund but do no damage.
Edmund hits you with a flail of protection.
* * * LOW HITPOINT WARNING * * *
You take 5 damage, and have 3/63 hp.
You hit Edmund but do no damage.
Edmund hits you with a flail of protection.
You die...

#.### *,,...........,,,,,,,,,,,,
....# *,,,,,,.##...##.#,,,,,,,,,
#.#.####,,,,,,,,,......#****,*,,,
#......#,,,,,,,,,......*****,*,,,
#.#.##.########,,.....,,,,,,,,,,,
#.#.##........#**...#,,,,,**,*,,,
...........##.# *...*,***,**,,,,,
#.#.##..##.##.###@#**,***,**,,>,,
#...##..##......♣.# *,*,,,,,,,,,*
#.......#####.##### *,*>*,**,****
#######.#####.# *,,,,,**,,,,,
#.......# ***,******,,, #########
*,,,,,,,,,, *,,,,,**,,,
*,***,***,, *,*,,,,,,,,
**,*,*,***,*


You could see Edmund (berserk).

Vanquished Creatures
  3 orc wizards
  4 adders
  A worm (D:3)
  8 orcs
  4 bats
  4 giant cockroaches
  9 goblins
  6 hobgoblins
  6 kobolds
  2 quokkas (D:2)
  2 giant newts
  3 jackals (D:3)
  8 rats
60 creatures vanquished.

Notes
Turn   | Place    | Note
--------------------------------------------------------------
     0 | D:1      | dpvblackbelt the Minotaur Gladiator began the quest for the Orb.
     0 | D:1      | Reached XP level 1. HP: 18/18 MP: 0/0
    79 | D:1      | Reached skill level 4 in Staves
   139 | D:1      | Reached XP level 2. HP: 15/25 MP: 1/1
   902 | D:2      | Reached skill level 5 in Staves
   914 | D:2      | Found a white marble altar of Elyvilon.
   966 | D:2      | Reached XP level 3. HP: 20/30 MP: 2/2
  1139 | D:2      | Found a radiant altar of Vehumet.
  1142 | D:2      | Found a blossoming altar of Fedhas.
  1145 | D:2      | Found a burning altar of Makhleb.
  1775 | D:3      | Reached XP level 4. HP: 37/37 MP: 3/3
  1826 | D:3      | Reached skill level 6 in Staves
  2150 | D:2      | HP: 8/37 [something (2)]
  2393 | D:3      | Reached skill level 7 in Staves
  2393 | D:3      | Reached XP level 5. HP: 30/42 MP: 4/4
  2809 | D:4      | Noticed Edmund
  2819 | D:4      | HP: 12/63 [Edmund/flail of protection (8)]
  2827 | D:4      | HP: 8/63 [Edmund/flail of protection (2)]
  2830 | D:4      | HP: 3/63 [Edmund/flail of protection (6)]
  2831 | D:4      | Slain by Edmund

Vault maps used:
D:1:      dpeg_arrival_central, serial_forest, infiniplex_forest_corner_1,
          infiniplex_forest_split, infiniplex_forest_clump_large,
          infiniplex_forest_end_2, infiniplex_forest_side_room, st_stairs_5,
          dk_noncrumbling_2, hangedman_decor_push
D:2:      elyvilon_altar_1, grunt_temple_overflow_diamond, grunt_decor_clamped,
          st_stairs_3
D:4:      minmay_temple_entry_junction2, uniq_pikel, uniq_menkaure, uniq_edmund

Action                   |  1- 3 |  4- 6 || total
-------------------------+-------+-------++-------
Melee: Quarterstaff      |    83 |    58 ||   141
  Use: Scroll            |       |     5 ||     5
       Potion            |       |     5 ||     5
 Stab: Distracted        |       |     1 ||     1
  Eat: Chunk             |     1 |     5 ||     6

Vault maps used:
D:1:      dpeg_arrival_central, serial_forest, infiniplex_forest_corner_1,
          infiniplex_forest_split, infiniplex_forest_clump_large,
          infiniplex_forest_end_2, infiniplex_forest_side_room, st_stairs_5,
          dk_noncrumbling_2, hangedman_decor_push
D:2:      elyvilon_altar_1, grunt_temple_overflow_diamond, grunt_decor_clamped,
          st_stairs_3
D:4:      minmay_temple_entry_junction2, uniq_pikel, uniq_menkaure, uniq_edmund

Table legend:
 A = Turns spent in this place as a percentage of turns spent in the entire game.
 B = Non-inter-level travel turns spent in this place as a percentage of non-inter-level travel turns spent in the entire game.
 C = Inter-level travel turns spent in this place as a percentage of turns spent in this place.
 D = Turns resting spent in this place as a percentage of non-inter-level travel turns spent in this place.
 E = Turns spent auto-exploring this place as a percentage of non-inter-level travel turns spent in this place.
 F = Non-inter-level travel turns spent in this place divided by the number of levels of this place that you've seen.
                   A       B       C       D       E      F
               +-------+-------+-------+-------+-------+----------------------
         Total | 100.0 | 100.0 |   0.4 |   1.7 |  16.0 | 174.5
       Dungeon | 100.0 | 100.0 |   0.4 |   1.7 |  16.0 | 174.5
               +-------+-------+-------+-------+-------+----------------------

Table legend:
 A = Kills in this place as a percentage of kills in entire the game.
 B = Kills by you in this place as a percentage of kills by you in the entire game.
 C = Kills by friends in this place as a percentage of kills by friends in the entire game.
 D = Other kills in this place as a percentage of other kills in the entire game.
 E = Experience gained in this place as a percentage of experience gained in the entire game.
 F = Experience gained in this place divided by the number of levels of this place that you have seen.
                   A       B       C       D       E      F
               +-------+-------+-------+-------+-------+----------------------
         Total | 100.0 | 100.0 |  -nan |  -nan | 100.0 |  69.0
       Dungeon | 100.0 | 100.0 |  -nan |  -nan | 100.0 |  69.0
               +-------+-------+-------+-------+-------+----------------------
